 Dungeon Crawl Stone Soup version 0.30.1-11-g7821555f0a (webtiles) character file.

Game seed: 10469464614513285804

8995 Arctor the Fighter (level 11, -3/139 HPs)
             Began as a Human Fighter on Jan 12, 2024.
             Was a Priest of Ashenzari.
             Slain by a red ugly thing (19 damage)
             ... on level 12 of the Dungeon.
             The game lasted 00:19:17 (9793 turns).

Arctor the Fighter (Human Fighter)                  Turns: 9793, Time: 00:19:18

Health: -3/139     AC: 13    Str: 14    XL:     11   Next: 66%
Magic:  0/11       EV: 13    Int: 11    God:    Ashenzari [***...]
Gold:   601        SH:  0    Dex: 17    Spells: 10/10 levels left

rFire   . . .        a - +0 morningstar "Jenugyte" {vamp, Int+4}
rCold   . . .        (no shield)
rNeg    . . .        r - +5 scale mail "Behold Eternity" {Will+ Str-4 Dex+2 SInv, Comp, Bglg} (curse)
rPois   .            t - +0 hat of Ashenzari's Loss {Will+, Self, Elem} (curse)
rElec   +            (no cloak)
rCorr   .            w - +0 pair of gloves of Cremastomancy {Self, Cun} (curse)
SInv    +            (no boots)
Will    ++...        x - amulet "Thunder Perfect Mind" {Spirit, Range, Evo} (curse) Stlth
                     l - ring of the Restrained Boredom {Fly, Melee, Self} (curse)
HPRegen 0.43/turn    (no ring)
MPRegen 0.12/turn

%: clarity, guardian spirit
@: berserking, flying, very quick
A: hooves 1, dopey 1, electricity resistance
a: Renounce Religion, Curse Item, Shatter the Chains


You were on level 12 of the Dungeon.
You worshipped Ashenzari.
Ashenzari was most pleased with you.
You visited 2 branches of the dungeon, and saw 13 of its levels.

You collected 601 gold pieces.

Inventory:

Hand Weapons
 a - the +0 morningstar "Jenugyte" (weapon) {vamp, Int+4}
   (You found it on level 8 of the Dungeon)

   Int:       It affects your intelligence (+4).
 b - the +3 longbow "Concordance" {speed, rElec Dex+4}
   (You acquired it on level 1 of the Dungeon)

   Dex:       It affects your dexterity (+4).
   rElec:     It insulates you from electricity.
 c - a +2 war axe of distortion
 E - a +0 war axe of chaos
Missiles
 v - a throwing net
Armour
 k - +0 acid dragon scales
 r - the cursed +5 scale mail "Behold Eternity" (worn) {Will+ Str-4 Dex+2 SInv, Comp, Bglg}
   (You found it on level 2 of the Dungeon)

   Str:       It affects your strength (-4).
   Dex:       It affects your dexterity (+2).
   SInv:      It lets you see invisible.
   Will:      It increases your willpower.
   It has a curse which improves the following skills: Companions: Summonings
   and Necromancy.
   Beguiling: Conjurations, Hexes and Translocations.
 t - the cursed +0 hat of Ashenzari's Loss (worn) {Will+, Self, Elem}
   (You took it off Gastronok on level 8 of the Dungeon)

   It has a curse which improves the following skills: Introspection: Fighting
   and Spellcasting.
   Elements:  Fire Magic, Ice Magic, Air Magic and Earth Magic.
 w - the cursed +0 pair of gloves of Cremastomancy (worn) {Self, Cun}
   (You found it on level 8 of the Dungeon)

   It has a curse which improves the following skills: Introspection: Fighting
   and Spellcasting.
   Cunning:   Dodging and Stealth.
 A - the +1 robe "Ywicuil" {+Blink rC+ Str-3 SInv}
   (You found it on level 7 of the Dungeon)

   Str:       It affects your strength (-3).
   rC:        It protects you from cold.
   SInv:      It lets you see invisible.
   +Blink:    It lets you blink.
Jewellery
 l - the cursed ring of the Restrained Boredom (left hand) {Fly, Melee, Self}
   (You found it on level 1 of the Dungeon)

   [ring of flight]

   Fly:       It grants you flight.
   It has a curse which improves the following skills: Melee Combat: Short
   Blades, Long Blades, Axes, Maces & Flails, Polearms, Staves and Unarmed
   Combat.
   Introspection: Fighting and Spellcasting.
 x - the cursed amulet "Thunder Perfect Mind" (around neck) {Spirit, Range, Evo}
   (You found it on level 9 of the Dungeon)

   [amulet of guardian spirit]

   It causes incoming damage to be divided between your reserves of health and
   magic.
   It has a curse which improves the following skills: Ranged Combat: Ranged
   Weapons and Throwing.
   Evocations: Evocations.
Wands
 d - a wand of paralysis (3)
 j - a wand of flame (21)
 q - a wand of polymorph (12)
 F - a wand of mindburst (9)
Scrolls
 e - 3 scrolls of noise
 f - a scroll of torment
 g - a scroll of silence
 i - 2 scrolls of enchant weapon
 m - 3 scrolls of poison
 n - 6 scrolls of identify
 o - 4 scrolls of teleportation
 s - 3 scrolls of fog
 y - 2 scrolls of enchant armour
 D - a scroll of fear
 G - a scroll of amnesia
Potions
 h - 2 potions of flight
 p - a potion of cancellation
 z - a potion of curing
 B - a potion of haste
 C - 2 potions of mutation


   Skills:
 + Level 8.5(11.5) Fighting
 + Level 7.8(9.4) Axes
 + Level 7.8(9.3) Ranged Weapons
 - Level 3.2 Armour
 + Level 7.7(9.3) Dodging
 + Level 8.5(10.0) Stealth
 - Level 3.2 Shields


You had 10 spell levels left.
You didn't know any spells.
Your spell library contained the following spells:

 Spells                   Type           Power      Damage    Failure   Level
 Apportation              Tloc           0%         N/A       78%         1
 Foxfire                  Conj/Fire      0%         2x1d4     78%         1
 Necrotise                Necr           0%         1d4       78%         1
 Slow                     Hex            0%         N/A       78%         1
 Confusing Touch          Hex            0%         N/A       98%         3
 Vampiric Draining        Necr           0%         2d6       98%         3
 Volatile Blastmotes      Fire/Tloc      0%         2d10      98%         3
 Fulminant Prism          Conj/Hex       0%         3d5       100%        4
 Iskenderun's Mystic Bla  Conj/Tloc      0%         2d3       100%        4
 Petrify                  Tmut/Erth      0%         N/A       100%        4
 Agony                    Necr           0%         N/A       100%        5
 Alistair's Intoxication  Tmut/Pois      0%         N/A       100%        5
 Fireball                 Conj/Fire      0%         3d3       100%        5
 Lee's Rapid Deconstruct  Erth           0%         3d4*      100%        5
 Metabolic Englaciation   Hex/Ice        0%         N/A       100%        5
 Plasma Beam              Fire/Air       0%         2x1d11    100%        6
 Starburst                Conj/Fire      0%         6d3       100%        6
 Statue Form              Tmut/Erth      0%         N/A       100%        6


Dungeon Overview and Level Annotations

Branches:
Dungeon (12/15)            Temple (0/1) D:7            Lair (1/5) D:9
    Orc: D:9-12

Altars:
Ashenzari
Cheibriados
Hepliaklqana
Kikubaaqudgha
Ru
Sif Muna
Uskayaw
Vehumet
Xom
Yredelemnul
Zin

Shops:
D:1 *   D:3 :


Innate Abilities, Weirdness & Mutations

You have large cloven feet.
You are dopey. (Int -2)
You are resistant to electric shocks. (rElec)


Message History

The red ugly thing tail-slaps you but does no damage.
The orc priest looks braver for a moment.
You thump the red ugly thing!
The red ugly thing is severely wounded.
The red ugly thing tail-slaps you.
You are engulfed in flames!
You hit the red ugly thing.
You feel better.
You kick the red ugly thing, but do no damage.
The red ugly thing is almost dead.
The red ugly thing barely misses you.
You closely miss the red ugly thing. Your kick misses the red ugly thing.
The red ugly thing is almost dead.
The red ugly thing tail-slaps you.
You are engulfed in flames!!
The red ugly thing tail-slaps you but does no damage.
You are too injured to fight recklessly!
You are too injured to fight recklessly!
Unknown command.
You hit the red ugly thing but do no damage.
You kick the red ugly thing.
The red ugly thing is almost dead.
The red ugly thing tail-slaps you!
You are engulfed in flames!
* * * LOW HITPOINT WARNING * * *
Unknown command.
You barely miss the red ugly thing.
You kick the red ugly thing, but do no damage.
The red ugly thing is almost dead.
The red ugly thing tail-slaps you!
* * * LOW HITPOINT WARNING * * *
You are engulfed in flames!
* * * LOW HITPOINT WARNING * * *
You feel better.
The red ugly thing tail-slaps you but does no damage.
A red film seems to cover your vision as you go berserk!
You feel yourself moving faster!
You feel mighty!
The red ugly thing tail-slaps you but does no damage.
You closely miss the red ugly thing. Your kick misses the red ugly thing.
The red ugly thing is almost dead.
The red ugly thing tail-slaps you.
* * * LOW HITPOINT WARNING * * *
You are engulfed in flames!!
You die...

.....# , ,
*.......## , ,
........# *
........# *
........# * *
........# * ,
........### ,
##.......ou.#######
,
#....<.o.{#@.......
*
#ยง........##.?.....
* ,
#.........#*.......
#....:)...#*.......
* #......^..#
....... *
*#........# .......
, #....<#.#*.......,
* #######.# .......
, , ,


You could see a red ugly thing and an orc priest.

Vanquished Creatures
  Gastronok (D:8)
  A two-headed ogre (D:9)
  A deep elf pyromancer (D:7)
  An ugly thing (D:11)
  Maggie (D:8)
  A kobold demonologist (D:10)
  2 trolls (D:11)
  A hornet (D:8)
  Prince Ribbit (D:5)
  Sigmund (D:5)
  A shadow (D:11)
  A wyvern (D:9)
  3 yaks (D:11)
  Eustachio (D:5)
  Menkaure (D:5)
  2 steam dragons
  2 wargs (D:9)
  2 acid dragons
  An orc warrior (D:9)
  A black bear (D:7)
  2 ice beasts (D:7)
  A sky beast (D:8)
  An ogre (D:5)
  5 centaurs
  A phantom (D:3)
  3 kobold brigands
  3 bullfrogs
  Blork the orc (D:4)
  A jelly (D:6)
  A scorpion (D:5)
  12 wights
  The ghost of AngryKot the Sneak, a weakling DjDe of Makhleb (D:6)
  5 killer bees (D:10)
  4 howler monkeys
  A centaur zombie (D:6)
  2 orc priests (D:9)
  A wyvern simulacrum (D:6)
  5 hounds
  4 iguanas
  Ijyb (D:5)
  3 sleepcaps
  5 orc wizards
  2 howler monkey zombies (D:6)
  3 gnolls
  5 adders
  A white imp (D:5)
  An ufetubus (D:4)
  3 worms (D:2)
  2 dart slugs (D:2)
  21 orcs
  2 bats (D:1)
  9 endoplasms
  4 giant cockroaches
  14 goblins
  10 hobgoblins
  7 jackals
  8 kobolds
  3 quokkas
  7 ball pythons
  3 frilled lizards
  6 rats
200 creatures vanquished.

Notes
Turn   | Place    | Note
-------+----------+-------------------------------------------
     0 | D:1      | Arctor the Human Fighter began the quest for the Orb.
     0 | D:1      | Reached XP level 1. HP: 18/18 MP: 1/1
    97 | D:1      | Found Sifidyan's General Store.
   108 | D:1      | Reached XP level 2. HP: 19/24 MP: 2/2
   351 | D:1      | Reached XP level 3. HP: 28/29 MP: 3/3
   692 | D:1      | Identified a scroll of acquirement
   692 | D:1      | Acquired the +3 longbow "Concordance" {speed, rElec Dex+4}
  1084 | D:2      | Reached skill level 1 in Stealth
  1084 | D:2      | Reached XP level 4. HP: 35/35 MP: 4/4
  1354 | D:2      | Identified the +5 scale mail of the Sun {Will+ Str-4 Dex+2
                  | SInv}
  1506 | D:2      | Reached skill level 1 in Dodging
  1587 | D:2      | Reached skill level 1 in Ranged Weapons
  2039 | D:3      | Noticed a phantom
  2047 | D:3      | Killed a phantom
  2048 | D:3      | Reached XP level 5. HP: 29/42 MP: 5/5
  2138 | D:3      | Found Tixilosh's Book Emporium.
  2145 | D:3      | Reached XP level 6. HP: 47/48 MP: 6/6
  2593 | D:4      | Found a hide-covered altar of Uskayaw.
  2907 | D:4      | Found a basalt altar of Yredelemnul.
  3137 | D:4      | Noticed Blork the orc
  3140 | D:4      | Killed Blork the orc
  3240 | D:4      | Found a broken altar of Ashenzari.
  3316 | D:4      | Became a worshipper of Ashenzari the Shackled
  3349 | D:5      | Entered Level 5 of the Dungeon
  3370 | D:5      | Reached XP level 7. HP: 50/55 MP: 7/7
  3432 | D:5      | Noticed Menkaure
  3437 | D:5      | Killed Menkaure
  3466 | D:5      | Noticed Sigmund
  3483 | D:5      | Killed Sigmund
  3484 | D:5      | Reached XP level 8. HP: 45/61 MP: 8/8
  3542 | D:5      | Noticed Eustachio
  3542 | D:5      | Noticed Ijyb
  3553 | D:5      | Killed Ijyb
  3567 | D:5      | Killed Eustachio
  3568 | D:5      | Reached skill level 5 in Fighting
  3739 | D:5      | Noticed Prince Ribbit
  3749 | D:5      | Killed Prince Ribbit
  4029 | D:5      | Gained mutation: Armour fits poorly on your strangely
                  | shaped body. [potion of mutation]
  4029 | D:5      | Gained mutation: Your body sometimes deteriorates upon
                  | taking damage. [potion of mutation]
  4055 | D:5      | Lost mutation: Your body sometimes deteriorates upon taking
                  | damage. [potion of mutation]
  4055 | D:5      | Lost mutation: Armour fits poorly on your strangely shaped
                  | body. [potion of mutation]
  4055 | D:5      | Gained mutation: You are resistant to electric shocks.
                  | (rElec) [potion of mutation]
  4055 | D:5      | Gained mutation: You are dopey. (Int -2) [potion of
                  | mutation]
  4055 | D:5      | Gained mutation: You have large cloven feet. [potion of
                  | mutation]
  4146 | D:5      | Reached XP level 9. HP: 69/69 MP: 9/9
  4458 | D:6      | Reached skill level 5 in Stealth
  4618 | D:6      | Found a glowing silver altar of Zin.
  4667 | D:6      | Found a runed translucent gate.
  4667 | D:6      | Found a runed translucent gate.
  4668 | D:6      | Found a runed translucent gate.
  4670 | D:6      | Noticed AngryKot's ghost (weakling DjDe)
  4744 | D:6      | Reached skill level 5 in Axes
  4786 | D:6      | Reached * piety under Ashenzari
  4862 | D:6      | Killed AngryKot's ghost
  4866 | D:6      | Reached skill level 5 in Ranged Weapons
  4951 | D:7      | Reached skill level 5 in Dodging
  5097 | D:7      | Identified the +1 robe "Ywicuil" {+Blink rC+ Str-3 SInv}
  5154 | D:7      | Found a staircase to the Ecumenical Temple.
  5222 | D:7      | Found a snail-covered altar of Cheibriados.
  5302 | D:7      | Found a radiant altar of Vehumet.
  5381 | D:7      | Noticed a deep elf pyromancer
  5402 | D:7      | Killed a deep elf pyromancer
  5403 | D:7      | Reached XP level 10. HP: 9/80 MP: 10/10
  5644 | D:7      | Found a shimmering altar of Xom.
  5649 | D:7      | Found a shimmering blue altar of Sif Muna.
  5999 | D:8      | Found a sacrificial altar of Ru.
  5999 | D:8      | Found a hazy altar of Hepliaklqana.
  6082 | D:8      | Noticed Gastronok
  6134 | D:8      | Killed Gastronok
  6148 | D:8      | Reached ** piety under Ashenzari
  6541 | D:8      | Identified the +0 morningstar "Jenugyte" {vamp, Int+4}
  6764 | D:8      | Noticed Maggie
  6771 | D:8      | Killed Maggie
  6924 | D:8      | Found an ancient bone altar of Kikubaaqudgha.
  7163 | D:9      | Noticed a two-headed ogre
  7384 | D:9      | Killed a two-headed ogre
  7385 | D:9      | Reached XP level 11. HP: 56/91 MP: 11/11
  7500 | D:9      | Found a staircase to the Lair.
  8298 | Lair:1   | Entered Level 1 of the Lair of Beasts
  8308 | Lair:1   | Reached *** piety under Ashenzari
  8511 | D:10     | Entered Level 10 of the Dungeon
  8627 | D:10     | Noticed a soul eater
  9076 | D:11     | Noticed a purple ugly thing
  9095 | D:11     | Killed a purple ugly thing
  9771 | D:12     | Noticed a red ugly thing
  9790 | D:12     | HP: 2/93 [red ugly thing (14)]
  9793 | D:12     | Slain by a red ugly thing

Illustrated notes

Levels and vault maps discovered:
D:1:      dpeg_arrival_court, layout_rooms, serial_shops, shop,
          nrook_loot_triangle, chequers_serial_rivers_small_b
D:2:      layout_loops_corners, chequers_serial_rivers_room_b
D:3:      layout_rooms, serial_shops, shop, minmay_misc_feat_alley,
          nicolae_figureground_sparkle
D:4:      cheibrodos_greedy_goblins, layout_basic,
          mainiacjoe_overflow_concentric_impassable, ashenzari_altar_1,
          nicolae_uskayaw_dance_hall, uniq_blork_the_orc, uniq_natasha
D:5:      layout_gridville, uniq_eustachio, uniq_menkaure, uniq_ijyb,
          uniq_prince_ribbit1, uniq_sigmund
D:6:      layout_gridville, zin_academy, gammafunk_ghost_necromancy,
          grunt_ministairs_10
D:7:      layout_rooms, nicolae_overflow_hidden_temple, old_standard_altar,
          mainiacjoe_overflow_big_doors, minmay_temple_entry_poolview,
          guppyfry_early_elven_hall
D:8:      layout_cave_pods, mainiacjoe_overflow_alcove_4,
          amethyst_overflow_temple_binary, kennysheep_dice, uniq_gastronok,
          uniq_maggie
D:9:      layout_loops_cross, erik_lair_orcish_takeover, nicolae_lava_and_water
D:10:     layout_basic, serial_curves, eino_curves_01, eino_curves_01
D:11:     layout_stronghold
D:12:     layout_rooms, hiddenorc2_lemuel, uniq_rupert
Lair:1:   layout_cave_shapes, nicolae_volcano_entry_vermiform,
          infiniplex_staircase_pool_2, grunt_megastairs_1, serial_bayou_shore_a,
          lemuel_fruit_tree

Skill      XL: |  1  2  3  4  5  6  7  8  9 10 11 |
---------------+----------------------------------+-----
Stealth        | 1 2 3 4 6 7 8 |  8.5
Dodging        | 1 2 3 4 5 7 |  7.7
Ranged Weapons | 1 2 3 4 5 7 |  7.8
Fighting       | 4 5 6 7 8 |  8.5
Axes           | 3 4 6 7 |  7.8
Armour         | |  3.2
Shields        | |  3.2

Action                     |  1- 3 |  4- 6 |  7- 9 | 10-12 || total
---------------------------+-------+-------+-------+-------++-------
  Melee: War axe           |    46 |    35 |    59 |    16 ||   156
         Kick              |       |       |    13 |    79 ||    92
         Morningstar       |       |       |       |   171 ||   171
         Punch             |       |       |       |     1 ||     1
   Fire: Longbow           |    25 |    90 |   133 |   156 ||   404
 Invoke: Curse Item        |       |       |     2 |     3 ||     5
    Use: Scroll            |     5 |     3 |     3 |     2 ||    13
         Potion            |       |     1 |     8 |     6 ||    15
   Stab: Paralysed         |       |     2 |       |       ||     2
         Sleeping          |       |       |       |     1 ||     1
 Armour: Scale mail        |    27 |    40 |    66 |   128 ||   261
  Dodge: Dodged            |    25 |    57 |    87 |   233 ||   402
  Block: Buckler           |     7 |       |       |       ||     7
